Unix NetHack Version 3.7.0-102 Work-in-progress - last build Apr 7 2024 00:22:53 (d302a6a9ff6341f1a922d8f5af178406b35fdf99,branch:master). Game began 2024-04-21 23:48:22, ended 2024-04-22 01:46:55. Ted, neutral male gnomish Wizard --------- ----- --- |.......| --- --.|.--- ---.--- ---- |..----.---.--- |......| |.....| --..| ---- |.......----- |......| --- ----- |.....| |...------- --......G.--.-------..----- ----.| |...--- --..--- |.........-----..............--.....| --....| |.....| |.-- --.------.......@................---| ------- |....-| --....| --.-- |.| -------.H.........G.........------.....| --....| --.--- |...| |.| --.)..........-------.........--.----- |....| ----.| --..------|.-- ----|-...........-- -----------|.....|--.|.-- |....| --.......|..-- --..--.............---- -----.-|..|.| --...-- -------..-.>| |.....................-- |..|.-|.| |...-- --....-- |........--.--.........| |..|.||.| |...| --- ---...| --.......------....G...| |....||.---.--- --.---- --..-- -----.......---|-....<..| ------|.....| |.....----|...--|..||.........--........| |..---- |......|..--...||..--.........*.........| ---..| |.............---.....................--- |....| -------......--|.....--.|.......|.....| |....| --.----- --.|.-------.--.---.---- --.--- --- ----- ------ --- --- Ted the Thaumaturge St:13 Dx:17 Co:15 In:17 Wi:13 Ch:9 Neutral S:6900 Dlvl:9 $:1164 HP:0(61) Pw:56(79) AC:-3 Xp:8/1334 T:4240 Latest messages: The human mummy just misses! The human mummy misses! The magic-absorbing blade stuns the human mummy! You destroy the human mummy! You see here a leash. The air around you begins to shimmer with a golden haze. In what direction? j The magic missile hits the blue jelly! The magic missile bounces! You kill the blue jelly! You see here a blue jelly corpse. There is a blue jelly corpse here; eat it? [ynq] (n) y This blue jelly corpse tastes okay. You finish eating the blue jelly corpse. The golden haze around you becomes less dense. You descend the stairs. What do you want to read? [N or ?*] N As you read the scroll, it disappears. A map coalesces in your mind! The pony is hit by a rock! You kill the pony! Welcome to experience level 8. You kill the kobold! The golden haze around you becomes less dense. You feel strong! You must have been exercising diligently. Really step onto that falling rock trap? [yn] (n) n You feel more confident in your weapon skills. You hit the quivering blob! You are now more skilled in dagger. You kill the quivering blob! You hear a chugging sound. The golden haze around you disappears. The hobbit wields a runed dagger! You step onto a polymorph trap! You feel momentarily different. The hobbit deliberately jumps onto a polymorph trap! The hobbit turns into a minotaur! The minotaur drops a runed dagger. The minotaur hits! The minotaur hits again! The minotaur butts! What do you want to write with? [- bdnotwW or ?*] ? You engrave in the floor with a wand of digging (0:1). What do you want to engrave in the floor here? Elbereth Gravel flies up from the floor. The minotaur hits! The minotaur hits again! You die... Do you want your possessions identified? [ynq] (y) q Inventory: Coins $ - 1164 gold pieces Weapons w - the rustproof +6 Magicbane (weapon in right hand) Armor J - an uncursed +0 pair of water walking boots (being worn) C - an uncursed +0 cloak of magic resistance (being worn) A - a blessed greased +2 silver dragon scale mail (being worn) Comestibles G - 2 uncursed kebabs U - 2 uncursed food rations Scrolls N - a blessed scroll of magic mapping Rings d - an uncursed ring of fire resistance b - an uncursed +3 ring of increase damage (on left hand) W - an uncursed ring of shock resistance (on right hand) Wands o - a wand of digging (0:1) Tools h - a blessed sack containing 30 items n - a blessed magic marker (1:41) q - a blessed oil lamp (lit) T - an uncursed skeleton key a - an uncursed stethoscope t - an uncursed towel u - a +0 unicorn horn Contents of the sack: an uncursed +0 mummy wrapping 7 uncursed scrolls of blank paper a blessed scroll of confuse monster an uncursed scroll of fire a blessed scroll of gold detection an uncursed scroll of gold detection 2 uncursed scrolls of identify 2 uncursed scrolls of magic mapping an uncursed scroll of remove curse an uncursed scroll of stinking cloud an uncursed scroll of taming an uncursed scroll of teleportation an uncursed spellbook of detect unseen a blessed spellbook of force bolt an uncursed spellbook of healing an uncursed spellbook of remove curse a potion of holy water an uncursed potion of water 2 uncursed potions of booze an uncursed potion of full healing an uncursed potion of gain energy an uncursed potion of gain level an uncursed potion of hallucination an uncursed potion of healing an uncursed ring of polymorph an uncursed ring of teleport control an uncursed ring of teleport control an uncursed ring of teleportation an uncursed worthless piece of blue glass 2 uncursed worthless pieces of white glass Ted the Wizard's attributes: Background: You were a Thaumaturge, a level 8 male gnomish Wizard. You were neutral, on a mission for Thoth who was opposed by Ptah (lawful) and Anhur (chaotic). You were right-handed. You were in the Gnomish Mines, on level 9. You entered the dungeon 4240 turns ago. It was nighttime. You had 1334 experience points, 1226 more were needed to attain level 9. Your score was 6900 before end-of-game adjustments. Basics: You had 0 out of 61 hit points. You had 56 out of 79 energy points (spell power). Your armor class was -3. Your wallet contained 1164 zorkmids. Autopickup was on for '$"=/!?' plus thrown. Final Characteristics: Your strength was 13 (limit:18/50). Your dexterity was 17 (limit:18). Your constitution was 15 (limit:18). Your intelligence was 17 (limit:19). Your wisdom was 13 (limit:18). Your charisma was 9 (limit:18). Final Status: You weren't hungry. You were unencumbered. You were wielding a dagger. You were skilled in dagger. Final Attributes: You were piously aligned. You were magic-protected. You were shock resistant. Your items were protected from electric shocks. You were telepathic. You had infravision. You could walk on water. You had a small damage bonus (+3). You were warded. You had reflection. You are dead. Miscellaneous: You encountered 1 bones level. Total elapsed playing time was 1 hour, 58 minutes and 28 seconds. Major events: Turn 1: Ted the neutral male gnomish Wizard entered the dungeon 945: attained the rank of Conjurer (level 3) 1071: entered the Gnomish Mines 1785: made his first wish - "blessed greased fixed +2 silver dragon scale mail", got "a greased silver dragon scale mail" 1828: destroyed jww's ghost, the former Conjurer 2197: was bestowed with Magicbane by Thoth 2209: attained the rank of Thaumaturge (level 6) 2497: read a Discworld novel 2539: stole 4119 zorkmids worth of merchandise from Culdaff's second-hand bookstore 3440: reached Mine Town 4240: killed by a minotaur Vanquished creatures: a ghost 2 small mimics a djinni a human mummy a leather golem 2 quivering blobs 2 leprechauns an orc mummy a gold golem a jaguar a blue jelly a black unicorn a plains centaur a snake 2 rope golems 2 fire ants a bugbear an imp a mountain nymph 3 Mordor orcs a rock mole 2 ponies 2 fog clouds 3 kobold mummies an elf zombie 5 giant ants 2 floating eyes a kobold shaman 8 hill orcs 6 rothes a giant bat an orc zombie an iguana 2 killer bees 2 acid blobs a hobbit 2 manes a hobgoblin a giant rat a cave spider a yellow mold 2 green molds 2 garter snakes 2 gnome zombies 4 geckos 4 jackals a fox 3 kobolds 2 goblins 5 sewer rats 5 grid bugs a bat 6 lichens 2 kobold zombies 5 newts 116 creatures vanquished. No species were genocided or became extinct. Voluntary challenges: You read items or engraved 25 times. You engraved Elbereth 1 time. You never genocided any monsters. You never polymorphed an object. You never changed form. You used 1 wish. You did not wish for any artifacts. Achievements: You entered a shop. You attained the rank of Conjurer. You entered the Gnomish Mines. You attained the rank of Thaumaturge. You read from a Discworld novel. You entered Minetown. You entered a temple. The Dungeons of Doom: levels 1 to 5 Level 1: An altar to Thoth. Level 2: Level 3: A scroll shop, an altar to Thoth. Level 4: Stairs down to The Gnomish Mines. Level 5: Some fountains, a grave. Oracle of Delphi. Final resting place for jww-Wiz-Elf-Fem-Cha, killed by a manes. The Gnomish Mines: levels 5 to 9 Level 5: Level 6: Level 7: A temple and an altar to Thoth, some fountains. Level 8: Level 9: <- You were here. Final resting place for you, killed by a minotaur. Game over: ---------- / \ / REST \ / IN \ / PEACE \ / \ | Ted | | 1164 Au | | killed by a | | minotaur | | | | | | 2024 | *| * * * | * _________)/\\_//(\/(/\)/\//\/|_)_______ Goodbye Ted the Wizard... You died in The Gnomish Mines on dungeon level 9 with 6784 points, and 1164 pieces of gold, after 4240 moves. You were level 8 with a maximum of 61 hit points when you died.